 Dungeon Crawl Stone Soup version 0.25.1-9-gc5326a611f (webtiles) character file.

Game seed: 335075351868826504

247 Jawa73 the Grave Robber (level 5, -3/37 HPs)
             Began as a Mummy Necromancer on Sept 15, 2021.
             Slain by an ogre
             ... wielding a cursed -2 giant club
              (16 damage)
             ... on level 4 of the Dungeon.
             The game lasted 00:19:31 (4510 turns).

Jawa73 the Grave Robber (Mummy Necromancer)         Turns: 4510, Time: 00:19:31

Health: -3/37      AC:  9    Str: 12    XL:     5   Next: 85%
Magic:  11/11      EV:  9    Int: 15    God:
Gold:   201        SH:  0    Dex: 12    Spells: 7/12 levels left

rFire    x . .     SeeInvis .   b - +4 mace
rCold    + . .     Gourm    .   (no shield)
rNeg     + + +     Faith    .   g - +0 scale mail
rPois    ∞         Spirit   .   e - +2 helmet
rElec    .         Reflect  .   (no cloak)
rCorr    .         Harm     .   (no gloves)
MR       .....                  (no boots)
Stlth    ..........             (no amulet)
HPRegen  0.12/turn              d - ring of wizardry
MPRegen  0.12/turn              (no ring)

@: no status effects
A: no food or potions, fire vulnerability, cold resistance 1, negative energy
resistance 3, torment resistance, unbreathing
a: no special abilities


You were on level 4 of the Dungeon.
You were not hungry.

You visited 1 branch of the dungeon, and saw 4 of its levels.

You collected 201 gold pieces.

Inventory:

Hand Weapons
 b - a +4 mace (weapon)
Armour
 a - a +0 robe
 e - a +2 helmet (worn)
 g - a +0 scale mail (worn)
Jewellery
 d - a ring of wizardry (left hand)
 k - an uncursed ring of teleportation
Wands
 h - a wand of polymorph (8)
Scrolls
 f - 2 scrolls of amnesia
 j - a scroll of teleportation


   Skills:
 * Level 1.6 Fighting
 * Level 1.7 Maces & Flails
 * Level 2.5 Dodging
 - Level 1.5 Stealth
 + Level 4.2 Spellcasting
 + Level 5.1 Necromancy


You had 7 spell levels left.
You knew the following spells:

 Your Spells              Type           Power        Failure   Level  Hunger
a - Pain                  Necr           ###.         4%          1    N/A
b - Animate Skeleton      Necr           N/A          4%          1    N/A
c - Vampiric Draining     Necr           ###.......   14%         3    N/A

Your spell library contained the following spells:

 Spells                   Type           Power        Failure   Level  Hunger
 Animate Dead             Necr           N/A          41%         4    N/A
 Agony                    Necr           ###.....     75%         5    N/A

Dungeon Overview and Level Annotations

Branches:
Dungeon (4/15)
 Temple: D:4-7

Altars:
Elyvilon
Qazlal
Uskayaw
Yredelemnul
Zin


Innate Abilities, Weirdness & Mutations

You do not eat or drink.
Your flesh is vulnerable to fire.
You are immune to poison.
Your flesh is cold resistant. (rC+)
You are immune to negative energy. (rN+++)
You are immune to unholy pain and torment.
You can survive without breathing.


Message History

Your +1 helmet glows green for a moment.
You now have 201 gold pieces (gained 11).
An ogre comes into view. It is wielding a -2 giant club.
The ogre shouts!
Found a scroll of teleportation.
The ogre hits you with a cursed -2 giant club!
Found a runed mace.
You thump the ogre!
The ogre is moderately wounded.
The ogre barely misses you.
You hit the ogre but do no damage.
The ogre is moderately wounded.
The ogre barely misses you.
You hit the ogre.
The ogre is heavily wounded.
The ogre hits you with a cursed -2 giant club!!
You sock the ogre!
The ogre is almost dead.
The ogre hits you with a cursed -2 giant club!
You die...

#.....##..#..
##......#.......##.#
....#..............#
...#..<............#
#.##...............#####
......................?.
)..#....................
..###.####...........#
..#.#..# #......@O...#
......####......#....#
................#.......
..#......##.............
#....#...##.............
.....###..........#....)
..#..# ##.......###....#
.##.## ##.....## ##..# #
### #####.#


You could see an ogre.

Vanquished Creatures
  An ice beast (D:2)
  Robin (D:2)
  5 adders
  A shadow imp (D:3)
  2 oozes (D:1)
  2 worms (D:2)
  A dart slug (D:3)
  2 leopard geckos (D:2)
  2 orcs
  3 giant cockroaches
  14 goblins
  7 hobgoblins
  13 bats
  16 frilled lizards
  2 kobolds
  6 rats
78 creatures vanquished.

Vanquished Creatures (collateral kills)
  A goblin (D:1)
  2 frilled lizards
  A rat (D:1)
4 creatures vanquished.

Grand Total: 82 creatures vanquished

Notes
Turn   | Place    | Note
-------+----------+-------------------------------------------
     0 | D:1      | Jawa73 the Mummy Necromancer began the quest for the Orb.
     0 | D:1      | Reached XP level 1. HP: 13/13 MP: 4/4
   192 | D:1      | Learned a level 1 spell: Animate Skeleton
   243 | D:1      | Reached XP level 2. HP: 19/19 MP: 0/5
  1367 | D:2      | Found a basalt altar of Yredelemnul.
  1403 | D:2      | Reached XP level 3. HP: 24/24 MP: 4/7
  1404 | D:2      | Noticed Robin
  1552 | D:1      | Learned a level 3 spell: Vampiric Draining
  1829 | D:2      | Killed Robin
  2178 | D:2      | Reached skill level 1 in Maces & Flails
  2178 | D:2      | Reached XP level 4. HP: 29/31 MP: 7/9
  2469 | D:1      | Reached skill level 1 in Fighting
  3523 | D:3      | Noticed an ice beast
  3658 | D:2      | Killed an ice beast
  3658 | D:2      | Reached skill level 5 in Necromancy
  3658 | D:2      | Reached XP level 5. HP: 34/37 MP: 4/11
  3767 | D:3      | Found a stormy altar of Qazlal.
  3777 | D:3      | Found a glowing silver altar of Zin.
  3946 | D:3      | Found a white marble altar of Elyvilon.
  4047 | D:3      | Found a hide-covered altar of Uskayaw.
  4049 | D:3      | Noticed a +0 hand axe
  4049 | D:3      | Noticed a +0 dagger
  4503 | D:4      | Noticed an ogre
  4510 | D:4      | Slain by an ogre

Illustrated notes

Levels and vault maps discovered:
D:1:      wander_arrival_lonely_grave, layout_basic
D:2:      layout_loops_ring, yredelemnul_altar_generic, st_stairs_8,
          minmay_lizard_pond, uniq_robin
D:3:      wander_river, layout_loops_ring, elyvilon_altar_1,
          dancing_weapons_uskayaw, minitemple, first_ration, st_stairs_14
D:4:      layout_cave_pools, evilmike_ruin_ashenzari,
          lemuel_coloured_pillars_altar, led_xom_imps, uniq_ijyb

Skill      XL: |  1  2  3  4 |
---------------+-------------+-----
Spellcasting   | 3 4 |  4.2
Dodging        | 2 |  2.5
Maces & Flails | 1 |  1.7
Fighting       | 1 |  1.6
Necromancy     | 5 |  5.1
Stealth        | |  1.5

Action                   |  1- 3 |  4- 6 || total
-------------------------+-------+-------++-------
Melee: Mace              |    85 |    82 ||   167
 Cast: Pain              |    37 |    42 ||    79
       Animate Skeleton  |    14 |     6 ||    20
       Vampiric Draining |     3 |     2 ||     5
  Use: Scroll            |     3 |     9 ||    12
 Stab: Sleeping          |     1 |       ||     1
Armor: Robe              |    28 |    14 ||    42
       Scale mail        |       |    19 ||    19
Dodge: Dodged            |   103 |    82 ||   185
